 Dungeon Crawl Stone Soup version 0.20.1-1-g8b1a95d (webtiles) character file.

105 Monsterracer the Slasher (level 4, -15/36 HPs)
             Began as a Barachi Fighter on Sept 15, 2017.
             Was an Initiate of Ashenzari.
             Engulfed by a cloud of flame (16 damage)
             ... on level 3 of the Dungeon.
             The game lasted 00:03:18 (2114 turns).

Monsterracer the Slasher (Barachi Fighter)          Turns: 2114, Time: 00:03:19

Health: -15/36     AC: 20    Str: 18    XL:     4   Next: 83%
Magic:  4/4        EV:  8    Int:  9    God:    Ashenzari [......]
Gold:   158        SH:  9    Dex: 11    Spells: 3/3 levels left

rFire    . . .     SeeInvis .   a - +0 long sword
rCold    + . .     Gourm    .   c - +0 shield
rNeg     . . .     Faith    .   h - quicksilver dragon scales
rPois    .         Spirit   .   t - +2 helmet
rElec    .         Reflect  .   u - +0 cloak
rCorr    .         Harm     .   e - +0 pair of gloves
MR       +....                  (no boots)
Stlth    +.........             (no amulet)
Regen    0.2/turn               m - ring of protection from cold
MPRegen  0.1/turn               s - +5 ring of protection (curse)

@: slow
A: +LOS, swims, slowness 1, strong legs 1
a: Hop, Curse Item, Renounce Religion


You were on level 3 of the Dungeon.
You worshipped Ashenzari.
Ashenzari was noncommittal.
You were hungry.

You visited 1 branch of the dungeon, and saw 3 of its levels.

You collected 158 gold pieces.

Inventory:

Hand Weapons
 a - a +0 long sword (weapon)
Missiles
 q - a throwing net (quivered)
Armour
 c - a +0 shield (worn)
 e - a +0 pair of gloves (worn)
 h - quicksilver dragon scales (worn)
 t - a +2 helmet (worn)
 u - a +0 cloak (worn)
Jewellery
 m - a ring of protection from cold (left hand)
 s - a cursed +5 ring of protection (right hand)
Scrolls
 g - a scroll of teleportation
Potions
 d - a potion of might
 i - a potion of agility {unknown}
 k - a potion of haste
 l - 2 potions of lignification
Comestibles
 f - 5 bread rations
 j - a meat ration
 r - a royal jelly


   Skills:
 - Level 3.6 Fighting
 + Level 5.9 Long Blades
 - Level 3.6 Armour
 - Level 3.2 Shields


You had 3 spell levels left.
You didn't know any spells.

Dungeon Overview and Level Annotations

Branches:
Dungeon (3/15)

Altars:
Ashenzari
Elyvilon


Innate Abilities, Weirdness & Mutations

Shadows flee at your approach. (+LOS)
You can swim through water.
You cover ground slowly.
You can hop short distances.


Message History

b - a scroll labeled YMETHU ATELI A giant cockroach comes into view.
As you read the scroll labeled YMETHU ATELI, it crumbles to dust.
The creatures around you are filled with an inner flame!
It was a scroll of immolation.
The giant cockroach closely misses you. The giant cockroach barely misses you.
You block the giant cockroach's attack.
The giant cockroach bites you but does no damage.
You block the giant cockroach's attack. You block the giant cockroach's attack.
You block the giant cockroach's attack. The giant cockroach barely misses you.
You slash the giant cockroach!
The giant cockroach explodes!
The fiery explosion engulfs you!
Ouch! That really hurt!
* * * LOW HITPOINT WARNING * * *
You are engulfed in blazing flames.
You die...

##### ##...##
#####.....##
#..#.......#
###..........# #####
###...#........# ....#
#######§§.###.).....##
....#
#.......§@..........##
....#
#.....########.......#
....# ##.....#
#..........#
....###......#
#.##.......#
....##.......#
#.###.....##
.......#.....# #.#
#....## ......#......#
#.# #..###
.............# #.#
##..# .............#
#.# ##.#


There were no monsters in sight!

Vanquished Creatures
  Terence (D:3)
  2 adders (D:2)
  A worm (D:3)
  3 dart slugs
  A leopard gecko (D:3)
  3 orcs (D:3)
  3 giant cockroaches
  7 goblins (D:1)
  7 hobgoblins
  9 kobolds
  A ball python (D:2)
  4 bats
  2 frilled lizards
  6 rats
50 creatures vanquished.

Notes
Turn   | Place    | Note
-------+----------+-------------------------------------------
     0 | D:1      | Monsterracer the Barachi Fighter began the quest for the Orb.
     0 | D:1      | Reached XP level 1. HP: 18/18 MP: 1/1
    92 | D:1      | Reached skill level 3 in Long Blades
    93 | D:1      | Reached XP level 2. HP: 24/24 MP: 2/2
   450 | D:1      | Reached skill level 4 in Long Blades
   483 | D:1      | Reached XP level 3. HP: 29/29 MP: 3/3
  1135 | D:2      | Found a white marble altar of Elyvilon.
  1137 | D:2      | Found a shattered altar of Ashenzari.
  1257 | D:2      | Reached skill level 5 in Long Blades
  1257 | D:2      | Reached XP level 4. HP: 27/36 MP: 4/4
  1553 | D:3      | Noticed Terence
  1567 | D:3      | Killed Terence
  1925 | D:2      | Became a worshipper of Ashenzari the Shackled
  2114 | D:3      | HP: 1/36 [giant cockroach/exploding inner flame[the player character] (35)]
  2114 | D:3      | Engulfed by a cloud of flame

Skill      XL: |  1  2  3 |
---------------+----------+-----
Long Blades    | 3 4 5 |  5.9
Fighting       | |  3.6
Armour         | |  3.6
Shields        | |  3.2

Action                   |  1- 3 |  4- 6 || total
-------------------------+-------+-------++-------
Melee: Long sword        |   107 |    46 ||   153
       Falchion          |       |     1 ||     1
  Use: Scroll            |       |     7 ||     7
  Eat: Chunk             |     2 |     2 ||     4
Armor: Scale mail        |     2 |       ||     2
       Quicksilver drago |    36 |    16 ||    52
Dodge: Dodged            |    34 |    19 ||    53
Block: Shield            |    56 |    28 ||    84
       Rpst.: Long sword |     7 |     4 ||    11
